AoeStats
← spadaccinho91

Arabia

510443190Analyzed
1v1 RM · 18h ago on Oct 1, 2026· 48m 12s· 2 players
Game mode
Random Map
Map size
Tiny (2 player)
Population
200
Speed
Normal
Resources
Standard
Victory
Conquest
Starting age
Dark Age
Ending age
Imperial Age
RankedLock teamsTeams togetherTeam positionsShared explorationLock speedFull tech treeHidden civsTurbo modeCheats
Victory
Defeat
🇮🇹 Bulgarians · Italy
1056
+17
🇨🇦 Romans · Canada
1084
-17
Métalêpse
6:26 Loom
9:19 Feudal Age
9:52 Double-Bit Axe
9:53 Man-at-Arms
13:43 Scale Mail Armor
19:22 Castle Age
18:32 Horse Collar
19:32 Wheelbarrow
19:46 Long Swordsman
20:27 Squires
21:19 Chain Mail Armor
21:57 Bow Saw
23:40 Gold Mining
24:12 Stone Mining
26:55 Forging
38:43 Pikeman
43:17 Imperial Age
43:44 Legionary
45:51 Halberdier
49:14 Iron Casting
spadaccinho91
10:08 Feudal Age
8:46 Loom
15:46 Double-Bit Axe
19:39 Castle Age
18:20 Stone Mining
18:15 Horse Collar
18:43 Fletching
20:59 Bow Saw
23:39 Wheelbarrow
24:45 Scale Barding Armor
27:26 Bodkin Arrow
29:31 Bloodlines
29:21 Husbandry
30:00 Masonry
32:07 Ballistics
34:40 Chain Barding Armor
38:50 Hand Cart
38:21 Town Watch
39:40 Forging
42:22 Imperial Age
40:11 Murder Holes
41:36 Iron Casting
41:05 Stirrups
41:17 Heavy Plow
45:36 Blast Furnace
46:56 Plate Barding Armor
Connection lost

Rejoining the realm…

Still unreachable

The connection could not be restored.

Session expired

The server has moved on; the page needs a fresh start.